 Dungeon Crawl Stone Soup version 0.30-a0-43-gbbf338a72c (webtiles) character file.

Game seed: 2762892811013553360

90 Newt the Twirler (level 4, -1/33 HPs)
             Began as a Demonspawn Gladiator on Aug 31, 2022.
             Slain by Grinder (3 damage)
             ... on level 3 of the Dungeon.
             The game lasted 00:02:26 (3410 turns).

Newt the Twirler (Demonspawn Gladiator)             Turns: 3410, Time: 00:02:27

Health: -1/33      AC:  6    Str: 17    XL:     4   Next: 32%
Magic:  4/4        EV: 12    Int:  9    God:
Gold:   98         SH:  0    Dex: 14    Spells: 3/3 levels left

rFire   . . .      SeeInvis .    h - staff of conjuration
rCold   . . .      Faith    .    (no shield)
rNeg    . . .      Spirit   .    b - +0 leather armour
rPois   .          Reflect  .    j - +1 helmet
rElec   .          Harm     .    (no cloak)
rCorr   .          Rampage  .    k - +0 pair of gloves
Will    .....                    (no boots)
Stlth   ++........               (no amulet)
HPRegen 0.11/turn                (no ring)
MPRegen 0.09/turn                (no ring)

@: no status effects
A: weakness stinger 1
a: no special abilities


You were on level 3 of the Dungeon.
You visited 1 branch of the dungeon, and saw 3 of its levels.

You collected 98 gold pieces.

Inventory:

Hand Weapons
 a - a +0 rapier
 o - a +2 short sword of protection
Missiles
 d - a throwing net (quivered)
Armour
 b - a +0 leather armour (worn)
 c - a +0 helmet
 g - a +0 ring mail
 j - a +1 helmet (worn)
 k - a +0 pair of gloves (worn)
Magical Staves
 h - a staff of conjuration (weapon)
Jewellery
 i - a +6 ring of dexterity
Scrolls
 m - a scroll of fog
 n - a scroll of identify
 p - a scroll of amnesia {unknown}
Potions
 f - a potion of cancellation
 l - a potion of degeneration
 q - a potion of curing {unknown}
 r - 2 potions of mutation {unknown}
 s - a potion of resistance {unknown}


   Skills:
 - Level 2.0 Fighting
 - Level 2.6 Short Blades
 + Level 3.0 Staves
 - Level 1.7 Throwing
 - Level 2.6 Dodging
 - Level 2.0 Stealth


You had 3 spell levels left.
You didn't know any spells.
Your spell library was empty.

Dungeon Overview and Level Annotations

Branches:
Dungeon (3/15)

Altars:

Annotations:
D:3 Grinder


Innate Abilities, Weirdness & Mutations

You have a small tail.


Message History

Grinder gestures at you. Pain shoots through your body! Grinder misses you.
Unknown command.
You barely miss Grinder.
Grinder is moderately wounded.
Grinder hits you but does no damage.
You closely miss Grinder.
Grinder is moderately wounded.
The goblin hits you but does no damage. Grinder gestures at you.
You barely resist. You closely miss Grinder.
Grinder is moderately wounded.
The goblin hits you with a +0 club. Grinder hits you!
You closely miss Grinder.
Grinder is moderately wounded.
The goblin hits you but does no damage. Grinder gestures at you.
You resist with significant effort.
You closely miss Grinder.
Grinder is moderately wounded.
Grinder hits you.
* * * LOW HITPOINT WARNING * * *
The goblin barely misses you.
Throw: 2 throwing nets
Press: ? - help, Q - select action Shift-Dir - straight line, f/p - Grinder
Aim: Grinder (moderately wounded, 55% to hit)
You throw a throwing net.
The throwing net closely misses Grinder.
The goblin hits you with a +0 club.
* * * LOW HITPOINT WARNING * * *
Grinder barely misses you.
You barely miss Grinder.
Grinder is moderately wounded.
The goblin hits you with a +0 club.
* * * LOW HITPOINT WARNING * * *
Grinder hits you.
* * * LOW HITPOINT WARNING * * *
You writhe in agony.
You die...

.....)..####.......##
.....#..#
####.....####
.......## #........#
#.#...##
####.##..##.....
#....##
###............###
...>##
...:............#
....#
................#
#.#..
................#
..#..#
........@.......#
#...##
.......g5.......#
................
...............
...............
.......(.......
###############


You could see Grinder and a goblin.

Vanquished Creatures
  4 adders
  A worm (D:3)
  An orc (D:3)
  5 endoplasms
  5 giant cockroaches
  4 goblins
  4 hobgoblins
  7 kobolds
  A quokka (D:2)
  3 ball pythons (D:2)
  4 bats
  6 frilled lizards
  3 rats
48 creatures vanquished.

Notes
Turn   | Place    | Note
-------+----------+-------------------------------------------
     0 | D:1      | Newt the Demonspawn Gladiator began the quest for the Orb.
     0 | D:1      | Reached XP level 1. HP: 16/16 MP: 1/1
   354 | D:1      | Reached skill level 1 in Stealth
   614 | D:1      | Gained mutation: You have a small tail. [demonic ancestry]
   614 | D:1      | Reached XP level 2. HP: 22/22 MP: 2/2
  1654 | D:2      | Reached skill level 1 in Staves
  1722 | D:2      | Found a faded altar of an unknown god.
  1831 | D:2      | Reached XP level 3. HP: 15/27 MP: 3/3
  2347 | D:2      | Reached skill level 2 in Staves
  3120 | D:3      | Reached XP level 4. HP: 33/33 MP: 4/4
  3292 | D:3      | Reached skill level 3 in Staves
  3396 | D:3      | Noticed Grinder
  3400 | D:3      | Paralysed by Grinder for 3 turns
  3410 | D:3      | Slain by Grinder

Illustrated notes

Levels and vault maps discovered:
D:1:      matt_arrival_refuge, layout_loops_cross
D:2:      layout_basic, chequers_ecumenical_altar_grove, grunt_ministairs_3,
          chequers_serial_rivers_small_b
D:3:      layout_rooms, gammafunk_ghost_cemetery, uniq_grinder

Skill      XL: |  1  2  3  4 |
---------------+-------------+-----
Stealth        | 1 2 |  2.0
Staves         | 1 2 3 |  3.0
Fighting       | |  2.0
Short Blades   | |  2.6
Throwing       | |  1.7
Dodging        | |  2.6

Action                   |  1- 3 |  4- 6 || total
-------------------------+-------+-------++-------
Melee: Staff             |   156 |    46 ||   202
       Rapier            |    10 |       ||    10
       Tailslap          |     9 |     5 ||    14
Throw: Throwing net      |     1 |     1 ||     2
       Javelin           |       |     1 ||     1
  Use: Scroll            |     6 |     1 ||     7
 Stab: Sleeping          |     5 |       ||     5
Armor: Leather armour    |    74 |    12 ||    86
Dodge: Dodged            |   122 |    29 ||   151

Table legend: (Time is in decaauts)
 A = Elapsed time spent in this place.
 B = Non-inter-level travel time spent in this place.
 C = Inter-level travel time spent in this place.
 D = Time resting spent in this place.
 E = Time spent auto-exploring this place.
 F = Levels seen in this place.
 G = Mean time per level.
                   A        B        C        D        E       F      G
               +--------+--------+--------+--------+--------+-----+--------+
         Total |   3436 |   3369 |     67 |    916 |   1999 |   3 | 1145.3 |
       Dungeon |   3436 |   3369 |     67 |    916 |   1999 |   3 | 1145.3 |
               +--------+--------+--------+--------+--------+-----+--------+

Top non-repeatable levels by time:
     D:2: 1852 daAuts
     D:1: 1177 daAuts
     D:3: 406 daAuts
